 Dungeon Crawl Stone Soup version 0.28-a0-309-gf6d37e6e1d (webtiles) character file.

Game seed: 4840912567045581907

555 McIrco the Covered (level 7, -15/55 HPs)
             Began as a Human Fighter on Aug 30, 2021.
             Demolished by an ogre (25 damage)
             ... on level 5 of the Dungeon.
             The game lasted 00:06:48 (5718 turns).

McIrco the Covered (Human Fighter)                  Turns: 5718, Time: 00:06:49

Health: -15/55     AC:  8    Str: 18    XL:     7   Next: 56%
Magic:  7/7        EV:  8    Int:  8    God:
Gold:   559        SH:  9    Dex: 13    Spells: 6/6 levels left

rFire   . . .      SeeInvis .   a - +1 war axe
rCold   . . .      Faith    .   c - +0 kite shield
rNeg    . . .      Spirit   .   b - +0 scale mail
rPois   .          Reflect  .   (no helmet)
rElec   .          Harm     .   f - +0 cloak
rCorr   .          Rampage  .   (no gloves)
Will    .....                   (no boots)
Stlth   ..........              (no amulet)
HPRegen 0.18/turn               (no ring)
MPRegen 0.10/turn               (no ring)

@: mighty
A: no striking features
a: no special abilities


You were on level 5 of the Dungeon.
You visited 1 branch of the dungeon, and saw 5 of its levels.

You collected 559 gold pieces.

Inventory:

Hand Weapons
 a - a +1 war axe (weapon)
Armour
 b - a +0 scale mail (worn)
 c - a +0 kite shield (worn)
 f - a +0 cloak (worn)
 j - a +0 hat
Scrolls
 e - 9 scrolls of identify
 h - a scroll of teleportation
 p - 3 scrolls of amnesia
Potions
 g - a potion of attraction
 k - a potion of haste {unknown}
 l - a potion of curing {unknown}
 m - 2 potions of mutation
 n - a potion of magic {unknown}
 o - a potion of resistance {unknown}


   Skills:
 + Level 4.5 Fighting
 - Level 2.0 Axes
 + Level 5.2 Armour
 + Level 2.7 Dodging
 + Level 5.0 Shields


You had 6 spell levels left.
You didn't know any spells.
Your spell library contained the following spells:

 Spells                   Type           Power      Damage    Failure   Level
 Ozocubu's Armour         Ice            0%         N/A       100%        3
 Fulminant Prism          Conj/Hex       0%         3d6       100%        4
 Iskenderun's Mystic Bla  Conj/Tloc      0%         2d3       100%        4
 Lee's Rapid Deconstruct  Erth           0%         3d5*      100%        5
 Metabolic Englaciation   Hex/Ice        0%         N/A       100%        5
 Simulacrum               Ice/Necr       0%         N/A       100%        6


Dungeon Overview and Level Annotations

Branches:
Dungeon (5/15)
 Temple: D:4-7

Altars:
Ashenzari
Fedhas

Shops:
D:2 (   D:5 ?

Annotations:
D:4 1 runed translucent door, stripedtigrrr's ghost, novice OpAK


Message History

The scorpion stings you but does no damage.
The scorpion barely misses you.
You closely miss the scorpion.
The scorpion is severely wounded.
The scorpion misses you. The scorpion stings you.
You slash the scorpion!
You kill the scorpion!
Your Shields skill increases to level 5!
Unknown command.
You start resting.
You hear the slow rusting of a very distant drain.
Found a scroll of identify.
Found a stone staircase leading up.
There is a stone staircase leading up here.
An ogre comes into view. It is wielding a +0 giant spiked club.
Found 10 gold pieces.
The ogre shouts!
You see here a scroll of identify.
e - 9 scrolls of identify (gained 1)
You aren't carrying any items that you can evoke.
You feel very mighty all of a sudden.
Found 19 bolts.
You block the ogre's attack.
You slice the ogre!!
The ogre is severely wounded.
The ogre hits you with a +0 giant spiked club!
You completely miss the ogre.
The ogre is severely wounded.
You block the ogre's attack.
You barely miss the ogre.
The ogre is severely wounded.
You block the ogre's attack.
You barely miss the ogre.
The ogre is severely wounded.
The ogre hits you with a +0 giant spiked club!!
* * * LOW HITPOINT WARNING * * *
You are too injured to fight recklessly!
You closely miss the ogre.
The ogre is severely wounded.
You block the ogre's attack.
The ogre hits you with a +0 giant spiked club!!
You die...

...... ...### ..
...###### .#
........# .#
..#####.# .# ..#
#.######## .# ..#
#.....<..# (# ###
###..###.##.##.##
#...# #..@O....#
#...# #..........
#.....$.##.#....#
+........ .# .#.#
....##### #. # .
###.## .# # ..
##.


You could see an ogre.

Vanquished Creatures
  An ogre (D:4)
  A black bear (D:4)
  A scorpion (D:5)
  A water moccasin zombie (D:3)
  2 hounds (D:4)
  A gnoll shaman (D:4)
  An iguana (D:4)
  A hound skeleton (D:4)
  4 adders
  An ufetubus (D:4)
  3 worms
  4 adder skeletons (D:4)
  2 dart slugs
  5 orcs
  8 endoplasms
  2 giant cockroaches
  5 goblins
  8 hobgoblins
  4 jackals
  6 kobolds
  4 quokkas
  8 ball pythons
  A bat (D:3)
  2 frilled lizards (D:1)
  3 rats
79 creatures vanquished.

Vanquished Creatures (others)
  2 withered plants (D:4)
2 creatures vanquished.

Grand Total: 81 creatures vanquished

Notes
Turn   | Place    | Note
-------+----------+-------------------------------------------
     0 | D:1      | McIrco the Human Fighter began the quest for the Orb.
     0 | D:1      | Reached XP level 1. HP: 18/18 MP: 1/1
   245 | D:1      | Found a faded altar of an unknown god.
   376 | D:1      | Reached XP level 2. HP: 24/24 MP: 2/2
   823 | D:2      | Found a blossoming altar of Fedhas.
   869 | D:2      | Reached XP level 3. HP: 29/29 MP: 3/3
   892 | D:2      | Found Hoyrph's Antique Weapon Emporium.
  2112 | D:2      | Reached XP level 4. HP: 34/35 MP: 4/4
  2633 | D:3      | Reached skill level 1 in Dodging
  2633 | D:3      | Reached XP level 5. HP: 40/42 MP: 5/5
  3193 | D:3      | Found a broken altar of Ashenzari.
  3888 | D:4      | Noticed a black bear
  3903 | D:4      | Killed a black bear
  3904 | D:4      | Reached XP level 6. HP: 20/48 MP: 6/6
  4080 | D:4      | Identified the +1 ring mail "Duluze Xujo" {Harm rCorr Str+4
                  | Stlth-}
  4452 | D:4      | Noticed an ogre
  4467 | D:4      | Killed an ogre
  4468 | D:4      | Reached XP level 7. HP: 38/54 MP: 7/7
  4890 | D:4      | Reached skill level 5 in Armour
  5140 | D:4      | Found a runed translucent door.
  5143 | D:4      | Noticed stripedtigrrr's ghost (novice OpAK)
  5634 | D:5      | Entered Level 5 of the Dungeon
  5640 | D:5      | Found Huatuzec's Magic Scroll Shop.
  5652 | D:5      | Reached skill level 5 in Shields
  5718 | D:5      | Demolished by an ogre

Illustrated notes

Levels and vault maps discovered:
D:1:      dpeg_arrival_rhombi, layout_basic, chequers_ecumenical_altar_simple
D:2:      layout_basic, serial_co_window_serial, co_window_cross_1,
          co_window_paths_b, co_window_paths_b, co_window_corner_a,
          co_window_of_opportunity_a, co_window_cross_2, co_window_cross_4,
          co_window_paths_c, co_window_paths_c, co_window_4corner_b,
          glass_columns_a, glass_columns_c, glass_columns_c, glass_columns_b,
          glass_columns_c, serial_shops, shop, basic_altar, minmay_hexomino_u4
D:3:      layout_basic, nicolae_ashenzari_skybound, minivault_27,
          kennysheep_generic_room_9
D:4:      minmay_polygon_palace, layout_layer_cave, gammafunk_ghost_grave
D:5:      layout_loops_ring, mainiacjoe_overflow_divided_tiny, serial_shops,
          shop, portal_sewer_entry_e, uniq_blork_the_orc, uniq_pikel, uniq_ijyb

Skill      XL: |  1  2  3  4  5  6  7 |
---------------+----------------------+-----
Armour         | 4 5 |  5.2
Dodging        | 1 2 |  2.7
Shields        | 4 5 |  5.0
Fighting       | 4 |  4.5
Axes           | |  2.0

Action                   |  1- 3 |  4- 6 |  7- 9 || total
-------------------------+-------+-------+-------++-------
Melee: War axe           |   105 |   141 |   109 ||   355
  Use: Potion            |       |     3 |     1 ||     4
       Scroll            |       |       |     4 ||     4
Armor: Scale mail        |    62 |    82 |    53 ||   197
Dodge: Dodged            |    22 |    77 |    46 ||   145
Block: Kite shield       |    60 |    98 |    70 ||   228

Table legend: (Time is in decaauts)
 A = Elapsed time spent in this place.
 B = Non-inter-level travel time spent in this place.
 C = Inter-level travel time spent in this place.
 D = Time resting spent in this place.
 E = Time spent auto-exploring this place.
 F = Levels seen in this place.
 G = Mean time per level.
                   A        B        C        D        E       F      G
               +--------+--------+--------+--------+--------+-----+--------+
         Total |   5939 |   5837 |    102 |   1233 |   3709 |   5 | 1187.8 |
       Dungeon |   5939 |   5837 |    102 |   1233 |   3709 |   5 | 1187.8 |
               +--------+--------+--------+--------+--------+-----+--------+

Top non-repeatable levels by time:
     D:2: 2041 daAuts
     D:4: 1974 daAuts
     D:3: 1195 daAuts
     D:1: 635 daAuts
     D:5: 92 daAuts
